 Dungeon Crawl Stone Soup version 0.17.0-22-g5edae84 (console) character file.

77 jw the Chopper (level 4, -1/31 HPs)
             Began as an Octopode Berserker on Nov 12, 2015.
             Was a Believer of Trog.
             Slain by an orc wizard
             ... wielding a +0 dagger
              (3 damage)
             ... on level 3 of the Dungeon.
             The game lasted 00:07:06 (3157 turns).

jw the Chopper (Octopode Berserker)                 Turns: 3157, Time: 00:07:07

Health: -1/31      AC:  1    Str: 16    XL:     4   Next: 34%
Magic:  4/4        EV: 13    Int:  9    God:    Trog [**....]
Gold:   182        SH:  0    Dex: 12    Spells: 0 memorised, 3 levels left

rFire  . . .     SeeInvis .     a - +0 hand axe
rCold  . . .     Clarity  .     (no shield)
rNeg   . . .     SustAt   .     (helmet restricted)
rPois  .         Gourm    .     (no amulet)
rElec  .         Spirit   .     (no ring)
rCorr  .         Warding  .     (no ring)
rMut   .         Stasis   .     (no ring)
MR     .....                    (no ring)
Stlth  ++........               (no ring)
                                (no ring)
                                (no ring)
                                (no ring)

@: not resistant to hostile enchantments, unstealthy
A: almost no armour, amphibious, 8 rings, constrict 8, camouflage 1, gelatinous
body 1
a: Berserk, Trog's Hand, Burn Spellbooks, Renounce Religion


You were on level 3 of the Dungeon.
You worshipped Trog.
Trog was pleased with you.
You were not hungry.

You visited 1 branch of the dungeon, and saw 3 of its levels.

You collected 182 gold pieces.

Inventory:

Hand Weapons
 a - a +0 hand axe (weapon)
Missiles
 c - 59 stones (quivered)
Comestibles
 b - 2 bread rations


   Skills:
 + Level 3.4 Fighting
 * Level 4.2 Axes
 + Level 1.8 Throwing
 - Level 3.0 Dodging


You had 3 spell levels left.
You didn't know any spells.

Dungeon Overview and Level Annotations

Branches:
Dungeon (3/15)

Altars:
Fedhas


Innate Abilities, Weirdness & Mutations

You cannot wear most types of armour.
You are amphibious.
You can wear up to eight rings at the same time.
You can use your tentacles to constrict eight enemies at once.
Your skin changes colour to match your surroundings (Stealth).
Your rubbery body absorbs attacks (AC +1).


Message History

You hit the orc but do no damage.
The orc is severely wounded.
You miss something. You constrict the orc. The orc hits you but does no damage.
Something hits you.
Unknown command.
Unknown command.
Unknown command.
Unknown command.
ATTACKING (1,0)
You slash the orc!
You kill the orc!
Trog accepts your kill.
You closely miss something. Something hits you.
Unknown command.
Unknown command.
Unknown command.
Unknown command.
ATTACKING (1,0)
You miss something. Something hits you.
You die...

........'..# #...).#.##.### ###
........##.# #.....#......# ..
.......%##.##...####..#.#.# .#
.#..........#...
.....#.#.##.#### .#####......#
####.#.#......((
............##+# #.#....#.....
####.........#.# #..o...'.....
#....####.#.######......###+##
####....#......#x))(((.(...#
...#....#.###.##{####.#.##....
...####.....#.##.# #.#.##.....
...######.#.#..#.. ..#.##......
...............########.##......
..........................####+#
..............#.#######.#.#
..............#.# #.#.#
..............#.#######.#.#


There were no monsters in sight!

Table legend:
 A = Turns spent in this place as a percentage of turns spent in the entire game.
 B = Non-inter-level travel turns spent in this place as a percentage of non-inter-level travel turns spent in the entire game.
 C = Inter-level travel turns spent in this place as a percentage of turns spent in this place.
 D = Turns resting spent in this place as a percentage of non-inter-level travel turns spent in this place.
 E = Turns spent auto-exploring this place as a percentage of non-inter-level travel turns spent in this place.
 F = Non-inter-level travel turns spent in this place divided by the number of levels of this place that you've seen.
                   A       B       C       D       E      F
               +-------+-------+-------+-------+-------+----------------------
         Total | 100.0 | 100.0 |   0.7 |   1.1 |   2.9 | 1190.3
       Dungeon | 100.0 | 100.0 |   0.7 |   1.1 |   2.9 | 1190.3
               +-------+-------+-------+-------+-------+----------------------

Table legend:
 A = Kills in this place as a percentage of kills in entire the game.
 B = Kills by you in this place as a percentage of kills by you in the entire game.
 C = Kills by friends in this place as a percentage of kills by friends in the entire game.
 D = Other kills in this place as a percentage of other kills in the entire game.
 E = Experience gained in this place as a percentage of experience gained in the entire game.
 F = Experience gained in this place divided by the number of levels of this place that you have seen.
                   A       B       C       D       E      F
               +-------+-------+-------+-------+-------+----------------------
         Total | 100.0 | 100.0 |  -nan |  -nan | 100.0 |  37.0
       Dungeon | 100.0 | 100.0 |  -nan |  -nan | 100.0 |  37.0
               +-------+-------+-------+-------+-------+----------------------

Vanquished Creatures
  An adder (D:3)
  3 giant geckos
  4 orcs (D:3)
  5 bats
  7 goblins
  11 hobgoblins
  4 jackals
  A quokka (D:3)
  A ball python (D:2)
  5 giant newts
  10 kobolds
  5 rats
57 creatures vanquished.

Vanquished Creatures (others)
  A rat (D:1)
1 creature vanquished.

Grand Total: 58 creatures vanquished

Notes
Turn   | Place    | Note
--------------------------------------------------------------
     0 | D:1      | jw the Octopode Berserker began the quest for the Orb.
     0 | D:1      | Reached XP level 1. HP: 16/16 MP: 1/1
   421 | D:1      | Reached XP level 2. HP: 21/21 MP: 2/2
   616 | D:1      | Reached skill level 1 in Throwing
  1005 | D:1      | Reached XP level 3. HP: 21/26 MP: 3/3
  1322 | D:1      | Reached ** piety under Trog
  2804 | D:3      | Reached skill level 4 in Axes
  2804 | D:3      | Reached XP level 4. HP: 31/31 MP: 4/4
  2991 | D:3      | Found a blossoming altar of Fedhas.
  3157 | D:3      | Slain by an orc wizard

Action                   |  1- 3 |  4- 6 || total
-------------------------+-------+-------++-------
Melee: Hand axe          |    72 |    16 ||    88
Throw: Stone             |   120 |    35 ||   155
  Eat: Chunk             |     5 |     2 ||     7

Vault maps used:
D:1:      lightli_arrival_statue_moat, lemuel_flame_loot_1
D:2:      nicolae_overflow_hidden_temple, kennysheep_generic_room_3
D:3:      fedhas_altar_4
